Workbook

Sheet Journal
A1: Einnahmen-Überschuss-Rechnung (EÜR)
A2: Trag jede Einnahme und Ausgabe mit dem Datum der Zahlung, Kategorie, Netto und Umsatzsteuer ins Journal ein. Die Übersicht ordnet alles den Gruppen der Anlage EÜR zu: Vereinnahmte Umsatzsteuer zählt zu den Einnahmen, gezahlte Vorsteuer und Zahlungen ans Finanzamt zu den Ausgaben. Bewirtung rechnet sie mit 70 %, die Homeoffice-Pauschale aus deinen Homeoffice-Tagen. Das ist eine Hilfe zur Vorbereitung, verbindlich ist die amtliche Anlage EÜR in ELSTER.
A4: Name/Firma
A5: Steuerjahr
A7: Kategorie bitte aus der Liste wählen (Pfeil in der Zelle), nicht frei eintippen. Als Datum zählt der Tag der Zahlung.
A9: Datum | B9: Beleg-Nr. | C9: Beschreibung | D9: Kategorie | E9: Netto | F9: USt | G9: Brutto
G10: =IF(E10="","",E10+IF(F10="",0,F10))
G11: =IF(E11="","",E11+IF(F11="",0,F11))
G12: =IF(E12="","",E12+IF(F12="",0,F12))
G13: =IF(E13="","",E13+IF(F13="",0,F13))
G14: =IF(E14="","",E14+IF(F14="",0,F14))
G15: =IF(E15="","",E15+IF(F15="",0,F15))
G16: =IF(E16="","",E16+IF(F16="",0,F16))
G17: =IF(E17="","",E17+IF(F17="",0,F17))
G18: =IF(E18="","",E18+IF(F18="",0,F18))
G19: =IF(E19="","",E19+IF(F19="",0,F19))
G20: =IF(E20="","",E20+IF(F20="",0,F20))
G21: =IF(E21="","",E21+IF(F21="",0,F21))
... G69: =IF(E69="","",E69+IF(F69="",0,F69))
D70: Summe | E70: =SUM(E10:E69) | F70: =SUM(F10:F69) | G70: =SUM(G10:G69)

Sheet Kategorien
A1: Kategorie
A2: Umsatzsteuerpflichtige Betriebseinnahmen
A3: Umsatzsteuerfreie Betriebseinnahmen (auch § 13b UStG)
A4: Betriebseinnahmen als Kleinunternehmer (§ 19 UStG)
A5: Veräußerung oder Entnahme von Anlagevermögen
A6: Private Kfz-Nutzung
A7: Sonstige Sach-, Nutzungs- und Leistungsentnahmen
A8: Vom Finanzamt erstattete Umsatzsteuer
A9: Waren, Rohstoffe und Hilfsstoffe
A10: Bezogene Fremdleistungen
A11: Ausgaben für eigenes Personal
A12: Abschreibungen (AfA) und geringwertige Wirtschaftsgüter
... A29: Übrige Betriebsausgaben

Sheet Übersicht nach Anlage EÜR
A1: Übersicht nach Anlage EÜR
A3: Betriebseinnahmen
A4: Umsatzsteuerpflichtige Betriebseinnahmen | B4: =SUMIF('Journal'!D10:D69,"Umsatzsteuerpflichtige Betriebseinnahmen",'Journal'!E10:E69)
A5: Umsatzsteuerfreie Betriebseinnahmen (auch § 13b UStG) | B5: =SUMIF('Journal'!D10:D69,"Umsatzsteuerfreie Betriebseinnahmen (auch § 13b UStG)",'Journal'!E10:E69)
A6: Betriebseinnahmen als Kleinunternehmer (§ 19 UStG) | B6: =SUMIF('Journal'!D10:D69,"Betriebseinnahmen als Kleinunternehmer (§ 19 UStG)",'Journal'!E10:E69)
A7: Veräußerung oder Entnahme von Anlagevermögen | B7: =SUMIF('Journal'!D10:D69,"Veräußerung oder Entnahme von Anlagevermögen",'Journal'!E10:E69)
A8: Private Kfz-Nutzung | B8: =SUMIF('Journal'!D10:D69,"Private Kfz-Nutzung",'Journal'!E10:E69)
A9: Sonstige Sach-, Nutzungs- und Leistungsentnahmen | B9: =SUMIF('Journal'!D10:D69,"Sonstige Sach-, Nutzungs- und Leistungsentnahmen",'Journal'!E10:E69)
A10: Vereinnahmte Umsatzsteuer, auch auf Entnahmen und private Kfz-Nutzung (USt-Spalte) | B10: =SUMIF('Journal'!D10:D69,"Umsatzsteuerpflichtige Betriebseinnahmen",'Journal'!F10:F69)+SUMIF('Journal'!D10:D69,"Veräußerung oder Entnahme von Anlagevermögen",'Journal'!F10:F69)+SUMIF('Journal'!D10:D69,"Private Kfz-Nutzung",'Journal'!F10:F69)+SUMIF('Journal'!D10:D69,"Sonstige Sach-, Nutzungs- und Leistungsentnahmen",'Journal'!F10:F69)
A11: Vom Finanzamt erstattete Umsatzsteuer | B11: =SUMIF('Journal'!D10:D69,"Vom Finanzamt erstattete Umsatzsteuer",'Journal'!E10:E69)
A12: Summe Betriebseinnahmen | B12: =SUM(B4,B5,B6,B7,B8,B9,B10,B11)
A14: Betriebsausgaben
A15: Waren, Rohstoffe und Hilfsstoffe | B15: =SUMIF('Journal'!D10:D69,"Waren, Rohstoffe und Hilfsstoffe",'Journal'!E10:E69)
A16: Bezogene Fremdleistungen | B16: =SUMIF('Journal'!D10:D69,"Bezogene Fremdleistungen",'Journal'!E10:E69)
A17: Ausgaben für eigenes Personal | B17: =SUMIF('Journal'!D10:D69,"Ausgaben für eigenes Personal",'Journal'!E10:E69)
A18: Abschreibungen (AfA) und geringwertige Wirtschaftsgüter | B18: =SUMIF('Journal'!D10:D69,"Abschreibungen (AfA) und geringwertige Wirtschaftsgüter",'Journal'!E10:E69)
A19: Raumkosten und sonstige Grundstücksaufwendungen | B19: =SUMIF('Journal'!D10:D69,"Raumkosten und sonstige Grundstücksaufwendungen",'Journal'!E10:E69)
A20: Telekommunikation (Telefon, Internet) | B20: =SUMIF('Journal'!D10:D69,"Telekommunikation (Telefon, Internet)",'Journal'!E10:E69)
A21: Reisekosten (Übernachtung, Reisenebenkosten) | B21: =SUMIF('Journal'!D10:D69,"Reisekosten (Übernachtung, Reisenebenkosten)",'Journal'!E10:E69)
A22: Fortbildung | B22: =SUMIF('Journal'!D10:D69,"Fortbildung",'Journal'!E10:E69)
A23: Rechts- und Steuerberatung, Buchführung | B23: =SUMIF('Journal'!D10:D69,"Rechts- und Steuerberatung, Buchführung",'Journal'!E10:E69)
A24: Miete und Leasing beweglicher Wirtschaftsgüter (ohne Kfz) | B24: =SUMIF('Journal'!D10:D69,"Miete und Leasing beweglicher Wirtschaftsgüter (ohne Kfz)",'Journal'!E10:E69)
A25: Beiträge, Gebühren, Abgaben und Versicherungen (ohne Kfz) | B25: =SUMIF('Journal'!D10:D69,"Beiträge, Gebühren, Abgaben und Versicherungen (ohne Kfz)",'Journal'!E10:E69)
A26: Laufende EDV-Kosten | B26: =SUMIF('Journal'!D10:D69,"Laufende EDV-Kosten",'Journal'!E10:E69)
A27: Arbeitsmittel und Bürobedarf | B27: =SUMIF('Journal'!D10:D69,"Arbeitsmittel und Bürobedarf",'Journal'!E10:E69)
A28: Werbekosten | B28: =SUMIF('Journal'!D10:D69,"Werbekosten",'Journal'!E10:E69)
A29: Schuldzinsen | B29: =SUMIF('Journal'!D10:D69,"Schuldzinsen",'Journal'!E10:E69)
A30: Kfz-Kosten (Leasing, Steuer, Versicherung, Kraftstoff, Reparatur) | B30: =SUMIF('Journal'!D10:D69,"Kfz-Kosten (Leasing, Steuer, Versicherung, Kraftstoff, Reparatur)",'Journal'!E10:E69)
A31: Betriebliche Fahrten mit privatem Pkw (0,30 € je km) | B31: =SUMIF('Journal'!D10:D69,"Betriebliche Fahrten mit privatem Pkw (0,30 € je km)",'Journal'!E10:E69)
A32: Geschenke bis 50 € je Empfänger und Jahr | B32: =SUMIF('Journal'!D10:D69,"Geschenke bis 50 € je Empfänger und Jahr",'Journal'!E10:E69)
A33: Bewirtungskosten, davon abziehbar 70 % (§ 4 Abs. 5 Satz 1 Nr. 2 EStG) | B33: =ROUND(SUMIF('Journal'!D10:D69,"Bewirtungskosten (voller Betrag)",'Journal'!E10:E69)*0.7,2)
A34: Homeoffice-Tage im Jahr
A35: Homeoffice-Pauschale: 6 € je Tag, höchstens 1.260 € (§ 4 Abs. 5 Satz 1 Nr. 6c EStG) | B35: =MIN(ROUND(IF(B34="",0,B34)*6,2),1260)
A36: Übrige Betriebsausgaben | B36: =SUMIF('Journal'!D10:D69,"Übrige Betriebsausgaben",'Journal'!E10:E69)
A37: Gezahlte Vorsteuer (USt-Spalte deiner Ausgaben) | B37: =SUMIF('Journal'!D10:D69,"Waren, Rohstoffe und Hilfsstoffe",'Journal'!F10:F69)+SUMIF('Journal'!D10:D69,"Bezogene Fremdleistungen",'Journal'!F10:F69)+SUMIF('Journal'!D10:D69,"Ausgaben für eigenes Personal",'Journal'!F10:F69)+SUMIF('Journal'!D10:D69,"Abschreibungen (AfA) und geringwertige Wirtschaftsgüter",'Journal'!F10:F69)+SUMIF('Journal'!D10:D69,"Raumkosten und sonstige Grundstücksaufwendungen",'Journal'!F10:F69)+SUMIF('Journal'!D10:D69,"Telekommunikation (Telefon, Internet)",'Journal'!F10:F69)+SUMIF('Journal'!D10:D69,"Reisekosten (Übernachtung, Reisenebenkosten)",'Journal'!F10:F69)+SUMIF('Journal'!D10:D69,"Fortbildung",'Journal'!F10:F69)+SUMIF('Journal'!D10:D69,"Rechts- und Steuerberatung, Buchführung",'Journal'!F10:F69)+SUMIF('Journal'!D10:D69,"Miete und Leasing beweglicher Wirtschaftsgüter (ohne Kfz)",'Journal'!F10:F69)+SUMIF('Journal'!D10:D69,"Beiträge, Gebühren, Abgaben und Versicherungen (ohne Kfz)",'Journal'!F10:F69)+SUMIF('Journal'!D10:D69,"Laufende EDV-Kosten",'Journal'!F10:F69)+SUMIF('Journal'!D10:D69,"Arbeitsmittel und Bürobedarf",'Journal'!F10:F69)+SUMIF('Journal'!D10:D69,"Werbekosten",'Journal'!F10:F69)+SUMIF('Journal'!D10:D69,"Schuldzinsen",'Journal'!F10:F69)+SUMIF('Journal'!D10:D69,"Kfz-Kosten (Leasing, Steuer, Versicherung, Kraftstoff, Reparatur)",'Journal'!F10:F69)+SUMIF('Journal'!D10:D69,"Betriebliche Fahrten mit privatem Pkw (0,30 € je km)",'Journal'!F10:F69)+SUMIF('Journal'!D10:D69,"Geschenke bis 50 € je Empfänger und Jahr",'Journal'!F10:F69)+SUMIF('Journal'!D10:D69,"Bewirtungskosten (voller Betrag)",'Journal'!F10:F69)+SUMIF('Journal'!D10:D69,"Übrige Betriebsausgaben",'Journal'!F10:F69)
A38: An das Finanzamt gezahlte Umsatzsteuer | B38: =SUMIF('Journal'!D10:D69,"An das Finanzamt gezahlte Umsatzsteuer",'Journal'!E10:E69)
A39: Summe Betriebsausgaben | B39: =SUM(B15,B16,B17,B18,B19,B20,B21,B22,B23,B24,B25,B26,B27,B28,B29,B30,B31,B32,B33,B35,B36,B37,B38)
A41: Gewinn (Betriebseinnahmen minus Betriebsausgaben) | B41: =B12-B39
A43: Kostenlose Vorlage von simplybills.de · Rechnungen als E-Rechnung in 1 Minute
